 Dungeon Crawl Stone Soup version 0.30-a0-793-g160f7cfddd (webtiles) character file.

Game seed: 17940248847743425932

3171 pokeman the Thaumaturge (level 9, 0/51 HPs)
             Began as a Deep Elf Hedge Wizard on Feb 19, 2023.
             Succumbed to a water moccasin's poison
             ... on level 8 of the Dungeon.
             The game lasted 00:23:11 (7791 turns).

pokeman the Thaumaturge (Deep Elf Hedge Wizard)     Turns: 7791, Time: 00:23:12

Health: 0/51       AC: 10    Str:  7    XL:     9   Next: 63%
Magic:  25/27      EV: 13    Int: 24    God:
Gold:   83         SH:  0    Dex: 14    Spells: 24/32 levels left

rFire   . . .      SeeInvis .    L - +1 dagger (venom)
rCold   . . .      Faith    .    (no shield)
rNeg    . . .      Spirit   .    Q - +0 steam dragon scales
rPois   .          Reflect  .    c - +0 hat
rElec   .          Harm     .    x - +0 cloak
rCorr   .          Rampage  .    (no gloves)
Will    +....                    (no boots)
Stlth   ++                       q - amulet of magic regeneration
HPRegen 0.28/turn                D - ring of willpower
MPRegen 0.60/turn                B - +4 ring of protection

@: lethally poisoned (0 -> -17), on blink cooldown
A: no striking features
a: no special abilities


You were on level 8 of the Dungeon.
You visited 2 branches of the dungeon, and saw 9 of its levels.
You also visited: Sewer and Ossuary.

You collected 422 gold pieces.
You spent 339 gold pieces at shops.

Inventory:

Hand Weapons
 y - a +2 short sword of electrocution
 L - a +1 dagger of venom (weapon)
Missiles
 z - 7 curare-tipped darts
Armour
 c - a +0 hat (worn)
 l - a +0 buckler
 o - the +4 ring mail of Too Many Cooks {Str+3}
   (You found it on level 2 of the Dungeon)

   Str:       It affects your strength (+3).
 x - a +0 cloak (worn)
 Q - +0 steam dragon scales (worn)
Magical Staves
 R - a staff of conjuration
 S - a staff of fire
Jewellery
 f - an amulet of the acrobat
 h - a ring of resist corrosion
 q - an amulet of magic regeneration (around neck)
 v - a ring of positive energy
 B - a +4 ring of protection (right hand)
 D - a ring of willpower (left hand)
 K - a ring of ice
 O - a +6 ring of intelligence
 T - a ring of positive energy
Wands
 j - a wand of roots (7)
 p - a wand of flame (41)
 M - a wand of digging (12)
Scrolls
 a - 2 scrolls of teleportation
 b - a scroll of summoning
 e - 4 scrolls of blinking
 i - a scroll of enchant armour
 r - a scroll of fear
 E - 3 scrolls of immolation {unknown}
 F - 2 scrolls of enchant weapon {unknown}
 G - a scroll of vulnerability {unknown}
 I - 3 scrolls of torment {unknown}
 J - 3 scrolls of magic mapping
 N - a scroll of fog {unknown}
 U - a scroll of silence {unknown}
Potions
 d - a potion of magic
 g - 8 potions of curing
 k - 4 potions of heal wounds
 m - 6 potions of flight
 n - 3 potions of lignification
 s - 2 potions of attraction {unknown}
 t - 2 potions of mutation {unknown}
 u - 3 potions of might
 w - 5 potions of brilliance
 A - a potion of ambrosia {unknown}
 C - 3 potions of invisibility
 H - 2 potions of haste
 P - 2 potions of cancellation {unknown}


   Skills:
 - Level 3.3 Fighting
 - Level 3.0 Armour
 - Level 3.1 Dodging
 - Level 3.0 Stealth
 + Level 1.0 Shields
 * Level 12.0 Spellcasting
 + Level 6.6 Conjurations
 + Level 5.7 Summonings
 - Level 1.1 Translocations
 - Level 1.0 Air Magic
 - Level 1.4 Poison Magic
 - Level 1.0 Evocations


You had 24 spell levels left.
You knew the following spells:

 Your Spells              Type           Power      Damage    Failure   Level
a - Magic Dart            Conj           100%       1d8       1%          1
b - Mephitic Cloud        Conj/Pois/Air  28%        N/A       3%          3
c - Call Imp              Summ           41%        N/A       1%          2
d - Blink                 Tloc           38%        N/A       4%          2

Your spell library contained the following spells:

 Spells                   Type           Power      Damage    Failure   Level
 Summon Small Mammal      Summ           100%       N/A       1%          1
 Apportation              Tloc           38%        N/A       2%          1
 Beastly Appendage        Tmut           28%        N/A       4%          1
 Necrotise                Necr           56%        1d6       4%          1
 Slow                     Hex            56%        N/A       4%          1
 Cigotuvi's Dreadful Rot  Necr/Pois/Air  36%        N/A       4%          2
 Ensorcelled Hibernation  Hex/Ice        28%        N/A       6%          2
 Wereblood                Tmut           14%        N/A       6%          2
 Spider Form              Tmut/Pois      17%        N/A       10%         3
 Ozocubu's Armour         Ice            14%        N/A       13%         3
 Anguish                  Hex/Necr       7%         N/A       38%         4
 Ozocubu's Refrigeration  Ice            7%         4d9       100%        7


Dungeon Overview and Level Annotations

Branches:
Dungeon (8/15)             Temple (1/1) D:4           Sewer (visited)
Ossuary (visited)
   Lair: D:8-11

Altars:
Dithmenos
Fedhas
Gozag
Hepliaklqana
Kikubaaqudgha
Makhleb
Nemelex Xobeh
Okawaru
Qazlal
Ru
Sif Muna
Wu Jian
Xom
Yredelemnul
Zin
The Shining One

Shops:
D:5 *?   D:7 =

Portals:
Abyss: D:4

Annotations:
D:4 2 transporters, nooxmaroon's ghost, amateur MiFi
D:8 exclusion: 2 death yaks


Message History

The water moccasin poisons you!
The bullfrog hits your crimson imp but does no damage.
The orc misses you.
Your crimson imp barely misses the water moccasin.
You miss the water moccasin.
The water moccasin is moderately wounded.
You feel extremely sick. The bullfrog hits your crimson imp.
The water moccasin bites you.
You are more poisoned.
The water moccasin poisons you! The orc hits you with a +0 war axe.
* * * LOW HITPOINT WARNING * * *
The bullfrog closely misses your crimson imp.
The water moccasin bites you.
* * * LOW HITPOINT WARNING * * *
Your crimson imp blinks!
Unknown command.
Casting: Magic Dart (safe; 1% risk of failure)
Confirm with . or Enter, or press ? or * to list all spells.
You blink.
* * * LOW HITPOINT WARNING * * *
You feel extremely sick.
The orc wizard gestures wildly while chanting.
The orc wizard flickers and vanishes!
Deactivating autopickup; reactivate with Ctrl-A.
You feel better. The bullfrog barely misses you.
The water moccasin bites you but does no damage.
The bullfrog closely misses you.
Casting: Blink (safe; 4% risk of failure)
Confirm with . or Enter, or press ? or * to list all spells.
A beastly little devil appears in a puff of frigid air.
Your crimson imp disappears in a puff of smoke!
The water moccasin bites you.
* * * LOW HITPOINT WARNING * * *
You are lethally poisoned!
The water moccasin poisons you! The bullfrog misses you.
The water moccasin bites you but does no damage.
Unknown command.
The orc attacks as you move away! The orc closely misses you.
The bullfrog attacks as you move away! The bullfrog barely misses you.
You die...

...# #..# ....##..##
### .....#..# #.#
......)#######.###
##
#..ยง...#........#
...#......#.######.#
......oFS)#......[.#
.##...5.#..#######
#...@.#..#<.# #
#.....#..##.###
.##.....#)......#
........'.<...#.#
###.....#######.#
#........# #.#
######......#.# #.#
............#.# #.#
.......###'##.# #.#


You could see a water moccasin (ally target), a bullfrog, an orc and a friendly
white imp (summoned).

Vanquished Creatures
  Pikel (D:5)
  A hornet (D:7)
  A steam dragon (D:7)
  A water moccasin (D:8)
  An ice beast (D:7)
  A sky beast (D:7)
  3 black bears
  3 centaurs
  4 lemures (D:5)
  3 kobold brigands
  2 bullfrogs (D:6)
  A necrophage (D:6)
  2 howler monkeys
  2 human zombies (Ossuary)
  2 jellies
  6 hounds
  6 orc priests
  3 iguanas
  An orc wizard (D:5)
  4 mummies
  8 adders
  4 gnolls (D:5)
  A shadow imp (D:5)
  A white imp (D:8)
  4 adder zombies (Ossuary)
  2 worms (D:4)
  4 dart slugs
  13 orcs
  7 ball pythons
  8 bats
  5 endoplasms
  3 giant cockroaches
  2 goblins
  4 hobgoblins
  11 jackals
  15 kobolds
  2 quokkas
  A frilled lizard (D:3)
  A gnoll zombie (Ossuary)
  2 jackal zombies (Ossuary)
  A kobold zombie (Ossuary)
  9 rats
156 creatures vanquished.

Vanquished Creatures (collateral kills)
  Duvessa (D:5)
  Dowan (D:5)
  A jelly (D:7)
  A hound zombie (Ossuary)
  A mummy (Ossuary)
  A white imp (D:7)
  An adder zombie (Ossuary)
  An orc (D:5)
  A hobgoblin (D:3)
  5 jackals (D:2)
  A goblin (D:2)
15 creatures vanquished.

Vanquished Creatures (others)
  A centaur (D:7)
  An orc wizard (D:3)
2 creatures vanquished.

Grand Total: 173 creatures vanquished

Notes
Turn   | Place    | Note
-------+----------+-------------------------------------------
     0 | D:1      | pokeman the Deep Elf Hedge Wizard began the quest for the
                  | Orb.
     0 | D:1      | Reached XP level 1. HP: 10/10 MP: 7/7
   271 | D:1      | Reached XP level 2. HP: 15/15 MP: 5/9
   927 | D:1      | Reached skill level 5 in Spellcasting
  1542 | D:2      | Reached XP level 3. HP: 20/20 MP: 9/11
  1546 | D:2      | Learned a level 3 spell: Mephitic Cloud
  1549 | D:2      | Learned a level 2 spell: Call Imp
  1552 | D:2      | Learned a level 2 spell: Blink
  1916 | D:2      | Reached skill level 1 in Armour
  2020 | D:2      | Reached skill level 1 in Fighting
  2022 | D:2      | Identified the +4 ring mail of Too Many Cooks {Str+3}
  2376 | D:3      | Found a shimmering blue altar of Sif Muna.
  2449 | D:3      | Reached XP level 4. HP: 24/25 MP: 7/13
  2686 | D:3      | Found a sparkling altar of Nemelex Xobeh.
  2748 | D:3      | Reached skill level 1 in Shields
  2748 | D:3      | Reached skill level 6 in Spellcasting
  2748 | D:3      | Reached XP level 5. HP: 15/29 MP: 7/15
  2829 | D:3      | Found a sacrificial altar of Ru.
  2914 | D:4      | Found a transporter.
  2915 | D:4      | Found a staircase to the Ecumenical Temple.
  2925 | Temple   | Entered the Ecumenical Temple
  3155 | D:4      | Found a glowing drain.
  3185 | Sewer    | Entered a sewer
  3297 | Sewer    | Reached skill level 1 in Air Magic
  3328 | Sewer    | Found a white marble altar of Elyvilon.
  3496 | D:4      | Reached XP level 6. HP: 28/34 MP: 17/17
  3620 | D:4      | Found a one-way gate to the infinite horrors of the Abyss.
  3620 | D:4      | Noticed nooxmaroon's ghost (amateur MiFi)
  3630 | D:4      | Found a transporter.
  3746 | D:4      | Noticed a small abomination
  3788 | D:4      | Reached skill level 1 in Evocations
  3841 | D:4      | Reached skill level 7 in Spellcasting
  3841 | D:4      | Reached skill level 1 in Poison Magic
  4284 | D:5      | Entered Level 5 of the Dungeon
  4291 | D:5      | Reached XP level 7. HP: 35/38 MP: 17/20
  4336 | D:5      | Found Weleu's Assorted Antiques.
  4407 | D:5      | Found an iron altar of Okawaru.
  4418 | D:5      | Reached skill level 8 in Spellcasting
  4495 | D:5      | Found a sand-covered staircase.
  4509 | Ossuary  | Entered an ossuary
  5081 | D:5      | Reached XP level 8. HP: 13/45 MP: 22/22
  5300 | D:5      | Noticed Dowan
  5302 | D:5      | Noticed Duvessa
  5310 | D:5      | Killed Dowan
  5311 | D:5      | Reached skill level 9 in Spellcasting
  5318 | D:5      | Killed Duvessa
  5506 | D:5      | Found Xiphiki's Magic Scroll Boutique.
  5514 | D:5      | Bought a scroll of blinking for 105 gold pieces
  5514 | D:5      | Bought a scroll of noise for 14 gold pieces
  5514 | D:5      | Bought a scroll of magic mapping for 105 gold pieces
  5514 | D:5      | Bought a scroll of identify for 28 gold pieces
  5514 | D:5      | Bought a scroll of identify for 28 gold pieces
  5514 | D:5      | Bought a scroll of identify for 28 gold pieces
  5599 | D:5      | Found an ornate altar of the Wu Jian Council.
  5778 | D:5      | Noticed Pikel
  5796 | D:5      | Killed Pikel
  5797 | D:5      | Reached skill level 10 in Spellcasting
  5797 | D:5      | Reached skill level 5 in Conjurations
  5948 | D:6      | Found a blossoming altar of Fedhas.
  6057 | D:6      | Reached XP level 9. HP: 50/51 MP: 20/25
  6510 | D:6      | Reached skill level 11 in Spellcasting
  6658 | D:6      | Found a basalt altar of Yredelemnul.
  6713 | D:7      | Reached skill level 5 in Summonings
  6805 | D:7      | Paralysed by a hornet for 1 turns
  6905 | D:7      | Found a hazy altar of Hepliaklqana.
  7114 | D:7      | Found Lusuumpo's Jewellery Shop.
  7143 | D:7      | Found an ancient bone altar of Kikubaaqudgha.
  7145 | D:7      | Found a glowing silver altar of Zin.
  7145 | D:7      | Found a shimmering altar of Xom.
  7148 | D:7      | Found a glowing silver altar of Zin.
  7148 | D:7      | Found a snail-covered altar of Cheibriados.
  7148 | D:7      | Found a blossoming altar of Fedhas.
  7616 | D:5      | Bought a scroll labelled NIEXZU HAMEIKHLU for 31 gold
                  | pieces
  7675 | D:8      | Noticed a death yak
  7675 | D:8      | Noticed a death yak
  7784 | D:8      | Reached skill level 12 in Spellcasting
  7791 | D:8      | Succumbed to a water moccasin's poison

Illustrated notes

Levels and vault maps discovered:
D:1:      evilmike_arrival_crescent, layout_loops_corners, minivault_4
D:2:      layout_rooms, kennysheep_generic_room_3
D:3:      layout_rooms, nicolae_ru_the_path_less_chosen,
          mainiacjoe_overflow_surrounded_room, mainiacjoe_overflow_alcove_2,
          minmay_pentangle
D:4:      layout_loops_ring, minmay_temple_entry_glass,
          cheibrodos_sewer_entry_bend, gammafunk_ghost_abyssal_escape,
          grunt_decor_fettered
D:5:      layout_loops_ring, mainiacjoe_overflow_alcove_1,
          overflow_temple_1_default, gup_ossuary_entry_pyramid, serial_shops,
          nicolae_diamond_shop, nicolae_shop_temple_entry_statues_fountains,
          grunt_decor_resistance, uniq_duvessa, uniq_pikel
D:6:      layout_cave_pools, lemuel_round_altar, fedhas_bush_and_centaur_altar,
          minmay_misc_feat_ornament, nicolae_half_adder
D:7:      layout_basic, nicolae_hepliaklqana_hazy_memory, doesnt_xom_only_xom,
          minmay_shop_grid_forest, hangedman_decor_riveting
D:8:      layout_basic, dpeg_lair_monsters, hangedman_decor_peaks_small,
          minmay_misc_feat_secret_circle, uniq_joseph, uniq_amaemon
Temple:   hellmonk_temple_beads

Skill      XL: |  1  2  3  4  5  6  7  8  9 |
---------------+----------------------------+-----
Spellcasting   | 5 6 7 8 10 12 | 12.0
Armour         | 1 3 |  3.0
Conjurations   | 2 3 4 5 6 |  6.6
Fighting       | 1 2 3 |  3.3
Dodging        | 3 |  3.1
Shields        | 1 |  1.0
Stealth        | 3 |  3.0
Air Magic      | 1 |  1.0
Evocations     | 1 |  1.0
Poison Magic   | 1 |  1.4
Summonings     | 3 4 5 |  5.7
Translocations | |  1.1

Action                     |  1- 3 |  4- 6 |  7- 9 || total
---------------------------+-------+-------+-------++-------
  Melee: Dagger            |    31 |     1 |   109 ||   141
         Short sword       |       |    33 |    87 ||   120
         Punch             |       |       |     1 ||     1
   Cast: Magic Dart        |   111 |    97 |   174 ||   382
         Call Imp          |     4 |     2 |    13 ||    19
         Mephitic Cloud    |       |     9 |    28 ||    37
         Blink             |       |       |     5 ||     5
    Use: Scroll            |       |       |    11 ||    11
         Potion            |       |       |     1 ||     1
   Stab: Confused          |       |     4 |    13 ||    17
         Sleeping          |       |     2 |       ||     2
         Distracted        |       |       |     4 ||     4
 Armour: Robe              |    13 |    17 |    73 ||   103
         Steam dragon scal |       |       |     7 ||     7
  Dodge: Dodged            |    53 |    37 |   202 ||   292

Table legend: (Time is in decaauts)
 A = Elapsed time spent in this place.
 B = Non-inter-level travel time spent in this place.
 C = Inter-level travel time spent in this place.
 D = Time resting spent in this place.
 E = Time spent auto-exploring this place.
 F = Levels seen in this place.
 G = Mean time per level.
                   A        B        C        D        E       F      G
               +--------+--------+--------+--------+--------+-----+--------+
         Total |   7826 |   7467 |    359 |     23 |   5552 |  11 |  711.5 |
       Dungeon |   7108 |   6820 |    288 |     23 |   5193 |   8 |  888.5 |
        Temple |    156 |     85 |     71 |      0 |      0 |   1 |  156.0 |
         Sewer |    245 |    245 |      0 |      0 |    179 |   1 |  245.0 |
       Ossuary |    315 |    315 |      0 |      0 |    180 |   1 |  315.0 |
               +--------+--------+--------+--------+--------+-----+--------+

Top non-repeatable levels by time:
     D:1: 1527 daAuts
     D:5: 1281 daAuts
     D:4: 1003 daAuts
     D:6: 856 daAuts
     D:3: 711 daAuts
     D:7: 707 daAuts
     D:2: 673 daAuts
     D:8: 346 daAuts
 Ossuary: 315 daAuts
   Sewer: 245 daAuts
  Temple: 156 daAuts
